 Dungeon Crawl Stone Soup version 0.29-a0-323-g050149af67 (console) character file.

Game seed: 9424761843916861982

19 Ignak the Skirmisher (level 2, -1/31 HPs)
             Began as an Ogre Warper on Apr 12, 2022.
             Slain by an adder (2 damage)
             ... on level 2 of the Dungeon.
             The game lasted 00:03:24 (1767 turns).

Ignak the Skirmisher (Ogre Warper)                  Turns: 1767, Time: 00:03:24

Health: -1/31      AC:  3    Str: 14    XL:     2   Next: 75%
Magic:  5/5        EV:  9    Int: 14    God:
Gold:   104        SH:  0    Dex:  8    Spells: 4/6 levels left

rFire   . . .      SeeInvis .   a - +0 mace
rCold   . . .      Faith    .   (no shield)
rNeg    . . .      Spirit   .   b - +0 robe
rPois   .          Reflect  .   (helmet restricted)
rElec   .          Harm     .   (no cloak)
rCorr   .          Rampage  .   (gloves unavailable)
Will    .....                   (boots unavailable)
Stlth   +.........              (no amulet)
HPRegen 0.10/turn               (no ring)
MPRegen 0.09/turn               (no ring)

@: lethally poisoned (-1 -> -3)
A: large, unfitting armour, tough skin 1
a: no special abilities


You were on level 2 of the Dungeon.
You visited 1 branch of the dungeon, and saw 2 of its levels.

You collected 104 gold pieces.

Inventory:

Hand Weapons
 a - a +0 mace (weapon)
Missiles
 d - 7 boomerangs of dispersal (quivered)
Armour
 b - a +0 robe (worn)
Scrolls
 c - 2 scrolls of blinking
 e - 2 scrolls of teleportation {unknown}
 h - a scroll of amnesia {unknown}
 i - a scroll of immolation {unknown}
 j - a scroll of magic mapping {unknown}
 k - 3 scrolls of identify {unknown}
 l - a scroll of vulnerability {unknown}
 m - 2 scrolls of acquirement {unknown}
Potions
 g - a potion of haste {unknown}
 n - a potion of mutation {unknown}
 o - a potion of heal wounds {unknown}


   Skills:
 * Level 3.0 Fighting
 * Level 2.1 Maces & Flails
 + Level 1.2 Throwing
 + Level 2.2 Dodging
 + Level 0.3 Unarmed Combat
 + Level 2.6 Spellcasting
 + Level 2.8 Translocations


You had 4 spell levels left.
You knew the following spells:

 Your Spells              Type           Power      Damage    Failure   Level
b - Blink                 Tloc           18%        N/A       11%         2

Your spell library contained the following spells:

 Spells                   Type           Power      Damage    Failure   Level
 Gell's Gravitas          Tloc           9%         N/A       22%         3
 Lesser Beckoning         Tloc           9%         N/A       22%         3
 Teleport Other           Tloc           9%         N/A       22%         3
 Conjure Flame            Conj/Fire      1%         6-21      56%         3
 Ignite Poison            Fire/Tmut/Pois 1%         N/A       56%         3
 Sticky Flame             Conj/Fire      1%         2d3       92%         4
 Manifold Assault         Tloc           9%         N/A       89%         5


Dungeon Overview and Level Annotations

Branches:
Dungeon (2/15)

Altars:

Annotations:
D:2 Sigmund


Innate Abilities, Weirdness & Mutations

You are too large for most types of armour.
You have tough skin. (AC +1)


Message History

You feel sick. The adder bites you.
You are more poisoned.
The adder poisons you! The adder closely misses you.
You sock the adder!
The adder is almost dead.
You feel very sick. The adder barely misses you. The adder closely misses you.
You miss the adder.
The adder is almost dead.
You feel sick. The adder barely misses you.
You barely miss the adder.
The adder is almost dead.
You feel sick. The adder bites you. x2
You hit the adder but do no damage.
The adder is almost dead.
You feel sick. The adder barely misses you. x2
You hit the adder but do no damage.
The adder is almost dead.
You feel sick. The adder bites you but does no damage.
You closely miss the adder.
The adder is almost dead.
You feel sick.
You are no longer poisoned.
The adder closely misses you. The adder bites you.
* * * LOW HITPOINT WARNING * * *
You are lethally poisoned!
The adder poisons you!
Okay, then.
You closely miss the adder.
The adder is almost dead.
* * * LOW HITPOINT WARNING * * *
You feel sick. The adder barely misses you. x2
You closely miss the adder.
The adder is almost dead.
* * * LOW HITPOINT WARNING * * *
You feel sick. The adder barely misses you.
It was a potion of cancellation.
You feel magically purged.
* * * LOW HITPOINT WARNING * * *
You feel sick. The adder bites you.
You die...

#<..#........#...#. ..#.#
#........#####...#.###.#.###
###......# #...#...#.#.##.
#......## #...###.#.#.##.
#.#.....# #......<.......
.###.#..##.####...#####.#.##.
..............# ### #.#.##.
.###.##>##.##.#..... #.#.##.
#.##.##..@S...... ....##. #
#.#####.##.### #.####. #.# .#
#.. .. #.# .# #.# # #.# .#
#.# .# ... .# ... .#


You could see an adder.

Vanquished Creatures
  A worm (D:2)
  2 bats
  An endoplasm (D:2)
  2 goblins (D:1)
  A hobgoblin (D:1)
  A quokka (D:1)
  2 ball pythons (D:1)
  3 frilled lizards (D:1)
  3 rats (D:1)
16 creatures vanquished.

Notes
Turn   | Place    | Note
-------+----------+-------------------------------------------
     0 | D:1      | Ignak the Ogre Warper began the quest for the Orb.
     0 | D:1      | Reached XP level 1. HP: 22/22 MP: 3/3
   343 | D:1      | Reached XP level 2. HP: 27/29 MP: 3/5
   519 | D:1      | Found a faded altar of an unknown god.
   533 | D:1      | Learned a level 2 spell: Blink
   962 | D:2      | Noticed Sigmund
  1119 | D:2      | Reached skill level 3 in Fighting
  1767 | D:2      | HP: 1/31 [poisoned by an adder]
  1767 | D:2      | Slain by an adder

Illustrated notes

Levels and vault maps discovered:
D:1:      minmay_arrival_doors, layout_basic, basic_ecumenical_altar
D:2:      layout_basic, uniq_robin, uniq_sigmund

Skill      XL: |  1  2 |
---------------+-------+-----
Maces & Flails | 2 |  2.1
Fighting       | 3 |  3.0
Throwing       | |  1.2
Dodging        | |  2.2
Unarmed Combat | |  0.3
Spellcasting   | |  2.6
Translocations | |  2.8

Action                   || total
-------------------------++-------
Melee: Mace              ||    69
       Punch             ||     1
  Use: Potion            ||     1
Armor: Robe              ||    21
Dodge: Dodged            ||    44

Table legend: (Time is in decaauts)
 A = Elapsed time spent in this place.
 B = Non-inter-level travel time spent in this place.
 C = Inter-level travel time spent in this place.
 D = Time resting spent in this place.
 E = Time spent auto-exploring this place.
 F = Levels seen in this place.
 G = Mean time per level.
                   A        B        C        D        E       F      G
               +--------+--------+--------+--------+--------+-----+--------+
         Total |   1790 |   1776 |     14 |    428 |    805 |   2 |  895.0 |
       Dungeon |   1790 |   1776 |     14 |    428 |    805 |   2 |  895.0 |
               +--------+--------+--------+--------+--------+-----+--------+

Top non-repeatable levels by time:
     D:1: 1601 daAuts
     D:2: 189 daAuts
